 Dungeon Crawl Stone Soup version 0.31-a0-1336-g7fd7ca34b5 (webtiles) character file.

Game seed: 2450474661503443311

33560 gohu the Severer (level 13, -5/127 HPs)
             Began as a Hill Orc Fighter on Dec 21, 2023.
             Was the Champion of Okawaru.
             Shot with an arrow by Nessos (13 damage)
             ... on level 4 of the Lair of Beasts.
             The game lasted 00:38:31 (15583 turns).

gohu the Severer (Hill Orc Fighter)                Turns: 15583, Time: 00:38:32

Health: -5/127     AC: 28    Str: 24    XL:     13   Next: 71%
Magic:  20/20      EV:  4    Int:  8    God:    Okawaru [******]
Gold:   542        SH:  5    Dex: 10    Spells: 12/12 levels left

rFire   + . .        A - +6 broad axe (freeze)
rCold   x . .        c - +0 buckler
rNeg    + . .        C - +0 crystal plate armour
rPois   +            k - +0 helmet
rElec   .            d - +0 cloak
rCorr   .            E - +2 pair of gloves
SInv    .            q - +0 pair of boots
Will    ++...        u - amulet of the acrobat Stlth
                     H - ring of poison resistance
HPRegen 0.41/turn    L - ring of Sif Muna's Pride {Fire rN+ Will++}
MPRegen 0.17/turn

%: acrobat
@: no status effects
A: no striking features
a: Renounce Religion, Heroism, Finesse, Duel, Receive Weapon, Receive Armour


You were on level 4 of the Lair of Beasts.
You worshipped Okawaru.
Okawaru was exalted by your worship.
You visited 3 branches of the dungeon, and saw 16 of its levels.
You also visited: Bailey.

You collected 859 gold pieces.
You spent 317 gold pieces at shops.

Inventory:

Hand Weapons
 a - a +0 war axe
 A - a +6 broad axe of freezing (weapon)
 N - a +2 flail of holy wrath
Missiles
 g - 13 throwing nets
 D - 12 javelins (quivered)
 O - 2 silver javelins
Armour
 b - a +0 scale mail
 c - a +0 buckler (worn)
 d - a +0 cloak (worn)
 j - a +0 chain mail
 k - a +0 helmet (worn)
 q - a +0 pair of boots (worn)
 C - a +0 crystal plate armour (worn)
 E - a +2 pair of gloves (worn)
Jewellery
 u - an amulet of the acrobat (around neck)
 w - the ring of Bimatei {Ice rCorr MP-9 Int-3}
   (You took it off a gnoll sergeant in a bailey)

   [ring of ice]

   Ice:       It enhances your ice magic.
   Int-3:     It affects your intelligence (-3).
   rF-:       It makes you vulnerable to fire.
   rC+:       It protects you from cold.
   MP-9:      It affects your magic capacity (-9).
   rCorr:     It protects you from acid and corrosion.
 H - a ring of poison resistance (left hand)
 K - a +6 ring of intelligence
 L - the ring of Sif Muna's Pride (right hand) {Fire rN+ Will++}
   (You found it on level 11 of the Dungeon)

   [ring of fire]

   Fire:      It enhances your fire magic.
   rF+:       It protects you from fire.
   rC-:       It makes you vulnerable to cold.
   rN+:       It protects you from negative energy.
   Will++:    It greatly increases your willpower.
 Q - a ring of protection from fire
Wands
 v - a wand of iceblast (1)
 B - a wand of flame (55)
Scrolls
 i - 3 scrolls of blinking
 l - 10 scrolls of teleportation
 m - a scroll of fear
 n - 2 scrolls of poison
 r - a scroll of immolation
 s - 2 scrolls of silence
 t - a scroll of noise
 y - a scroll of butterflies
 z - 4 scrolls of amnesia {unknown}
 G - 2 scrolls of revelation
 R - a scroll of vulnerability {unknown}
Potions
 e - 2 potions of magic
 f - 4 potions of curing
 h - a potion of attraction
 o - 2 potions of heal wounds
 p - a potion of ambrosia
 x - a potion of invisibility
 F - a potion of brilliance
 I - a potion of cancellation
 J - 2 potions of haste
 M - 2 potions of might
 P - a potion of lignification {unknown}
 S - a potion of degeneration {unknown}


   Skills:
 * Level 15.3 Fighting
 + Level 19.2 Axes
 + Level 10.0 Armour
 + Level 6.5 Shields
 * Level 9.6 Invocations


You had 12 spell levels left.
You didn't know any spells.
Your spell library contained the following spells:

 Spells                   Type           Power      Damage    Failure   Level
 Magic Dart               Conj           0%         1d3       100%        1
 Blink                    Tloc           0%         N/A       100%        2
 Lesser Beckoning         Tloc           0%         N/A       100%        2
 Momentum Strike          Conj/Tloc      0%         3d8       100%        2
 Searing Ray              Conj           0%         2d4       100%        2
 Static Discharge         Conj/Air       0%         3-3/arc   100%        2
 Airstrike                Air            0%         2d(0-16)  100%        4
 Cause Fear               Hex            0%         N/A       100%        4
 Fulminant Prism          Conj/Alch      0%         3d5       100%        4
 Leda's Liquefaction      Alch/Erth      0%         N/A       100%        4
 Fireball                 Conj/Fire      0%         3d3       100%        5
 Lee's Rapid Deconstruct  Erth           0%         3d4*      100%        5
 Bombard                  Conj/Erth      0%         9d1       100%        6
 Summon Lightning Spire   Summ/Air       Unusable   N/A       N/A         4
 Dragon's Call            Summ           Unusable   N/A       N/A         9

Dungeon Overview and Level Annotations

Branches:
Dungeon (11/15)            Temple (1/1) D:5            Lair (4/5) D:8
  Swamp (0/4) Lair:3       Spider (0/4) Lair:3       Bailey (visited)
  Slime: Lair:4-5       Orc: D:9-12

Altars:
Ashenzari
Cheibriados
Dithmenos
Elyvilon
Fedhas
Gozag
Hepliaklqana
Kikubaaqudgha
Makhleb
Nemelex Xobeh
Okawaru
Qazlal
Ru
Sif Muna
Trog
Uskayaw
Vehumet
Wu Jian
Xom
Yredelemnul
Zin
The Shining One

Shops:
D:2 !   D:9 *

Annotations:
D:8 3 runed translucent doors, Maratek's ghost, novice MiFi
Lair:4 Nessos


Message History

You feel better. Nessos hits you but does no damage.
Nessos kicks you but does no damage. Nessos barely misses you.
Nessos kicks you but does no damage. The basilisk bites you!
* * * LOW HITPOINT WARNING * * *
You hit Nessos but do no damage.
Nessos is almost dead.
You barely miss the basilisk. Nessos hits you but does no damage.
Nessos kicks you but does no damage. Nessos hits you but does no damage.
You block Nessos's attack.
You hit Nessos. You freeze Nessos.
Nessos is almost dead.
You slice the basilisk!! You freeze the basilisk.
You kill the basilisk!
Okawaru accepts your kill. Nessos hits you but does no damage.
You block Nessos's attack.
Your Armour skill increases to level 10!
You hit Nessos. You freeze Nessos.
Nessos is almost dead.
Nessos hits you!
* * * LOW HITPOINT WARNING * * *
Nessos kicks you but does no damage.
Nessos gestures wildly while chanting.
Nessos blinks!
Aiming: Iceblast
Press: ? - help, Shift-Dir - straight line, f - you, p - Nessos
Okay, then.
Aiming: Throw Flame
Press: ? - help, Shift-Dir - straight line, f/p - Nessos
Aim: Nessos, wearing a +0 barding (almost dead, fast, 81% to hit)
The puff of flame hits Nessos but does no damage.
Nessos is almost dead.
Nessos wields a +2 longbow of flaming.
It bursts into flame!
Nessos shoots an arrow.
The arrow barely misses you.
Nessos stands on their hind legs for a moment.
Nessos shoots an arrow.
The arrow hits you but does no damage.
Aiming: Throw Flame
Press: ? - help, Shift-Dir - straight line, f/p - Nessos
Aim: Nessos, wielding a +2 longbow of flaming and wearing a +0 barding (almost dead, fast, 81% to hit)
The puff of flame misses Nessos.
Nessos shoots an arrow.
The arrow hits you!
You die...

.# #...... .....
...+.....## .#..
..#....... ...##
......... P...
+.....# ... ..
#.....###.### ...
##.....##.+P.##P..
#........†........
+#........@........
...........§........
....................
....................
....c.....(....##...
.........##..### .
#.......#..+..##
##.......#.....# .
........###....# ..


You could see Nessos (fast).

Vanquished Creatures
  Kirke (Lair:4)
  A hydra (Lair:2)
  A two-headed ogre (D:10)
  8 death yaks
  5 skeletal warriors (D:11)
  2 spriggan druids (Lair:3)
  12 elephants (Lair:1)
  3 black mambas
  9 cane toads
  Maggie (D:6)
  4 rime drakes
  A polar bear (Lair:3)
  A troll (D:9)
  Grinder (D:6)
  3 hornets
  A shadow (D:10)
  25 yaks
  2 humans (Lair:4)
  3 wyverns
  3 hogs (Lair:4)
  3 basilisks
  A steam dragon (D:6)
  14 water moccasins
  An orc warrior (D:8)
  A sky beast (D:6)
  3 black bears
  An ice beast (D:8)
  An ogre (D:5)
  19 wolves
  3 centaurs
  4 kobold brigands
  8 bullfrogs
  A scorpion (D:5)
  13 gnoll sergeants
  10 wights
  8 killer bees (D:7)
  3 howler monkeys
  6 hounds
  A jelly (D:4)
  3 orc priests
  Crazy Yiuf (D:4)
  7 gnoll boudas (Bailey)
  A sleepcap (D:7)
  7 orc wizards
  6 iguanas
  A hell rat (D:8)
  29 gnolls
  14 adders
  4 river rats (D:8)
  2 shadow imps
  2 white imps
  2 bombardier beetles (D:4)
  A worm (D:3)
  2 dart slugs (D:1)
  31 orcs
  9 ball pythons
  5 bats
  6 endoplasms
  7 giant cockroaches
  8 goblins
  9 hobgoblins
  18 kobolds
  4 quokkas
  4 frilled lizards
  9 rats
380 creatures vanquished.

Notes
Turn   | Place    | Note
-------+----------+-------------------------------------------
     0 | D:1      | gohu the Hill Orc Fighter began the quest for the Orb.
     0 | D:1      | Reached XP level 1. HP: 19/19 MP: 1/1
    84 | D:1      | Reached skill level 3 in Axes
    84 | D:1      | Reached XP level 2. HP: 26/27 MP: 2/2
   315 | D:2      | Reached XP level 3. HP: 31/33 MP: 3/3
   544 | D:1      | Found a faded altar of an unknown god.
   721 | D:2      | Reached skill level 4 in Axes
   739 | D:2      | Reached XP level 4. HP: 37/40 MP: 4/4
   901 | D:2      | Found Neynaoso's Distillery.
   907 | D:2      | Bought a potion of curing for 33 gold pieces
  1678 | D:2      | Reached skill level 5 in Axes
  1678 | D:2      | Reached XP level 5. HP: 32/47 MP: 5/5
  2356 | D:4      | Reached skill level 6 in Axes
  2470 | D:5      | Entered Level 5 of the Dungeon
  2557 | D:4      | Reached XP level 6. HP: 53/55 MP: 6/6
  2657 | D:5      | Reached skill level 7 in Axes
  2684 | D:4      | Reached skill level 5 in Fighting
  2944 | D:4      | Found a glowing silver altar of Zin.
  3150 | D:4      | Reached XP level 7. HP: 49/61 MP: 7/7
  3263 | D:4      | Found a runed translucent door.
  3264 | D:4      | Noticed Crazy Yiuf
  3280 | D:4      | Killed Crazy Yiuf
  3383 | D:2      | Bought a potion of heal wounds for 55 gold pieces
  3383 | D:2      | Bought a potion of might for 44 gold pieces
  3383 | D:2      | Bought a potion of curing for 33 gold pieces
  3383 | D:2      | Bought a potion of invisibility for 88 gold pieces
  3467 | D:5      | Reached skill level 8 in Axes
  3739 | D:5      | Found a staircase to the Ecumenical Temple.
  3748 | Temple   | Entered the Ecumenical Temple
  3753 | Temple   | Became a worshipper of Warmaster Okawaru
  3785 | D:5      | Reached skill level 9 in Axes
  3850 | D:5      | Reached XP level 8. HP: 66/70 MP: 8/8
  3953 | D:5      | Reached skill level 5 in Armour
  4883 | D:6      | Reached * piety under Okawaru
  4884 | D:6      | Reached skill level 10 in Axes
  5101 | D:6      | Noticed Grinder
  5137 | D:6      | Paralysed by Grinder for 3 turns
  5156 | D:6      | Killed Grinder
  5157 | D:6      | Reached skill level 11 in Axes
  5411 | D:7      | Reached XP level 9. HP: 70/79 MP: 9/9
  5539 | D:6      | Noticed Maggie
  5556 | D:6      | Killed Maggie
  5684 | D:6      | Reached ** piety under Okawaru
  5685 | D:6      | Reached skill level 12 in Axes
  6563 | D:7      | Reached skill level 13 in Axes
  6656 | D:7      | You fall into a shaft and drop 3 floors!
  6656 | D:10     | Entered Level 10 of the Dungeon
  6851 | D:9      | Found a flagged portal.
  6862 | Bailey   | Entered a bailey
  7113 | Bailey   | Reached *** piety under Okawaru
  7504 | Bailey   | Reached XP level 10. HP: 81/89 MP: 10/10
  7556 | Bailey   | Identified the ring of Bimatei {Ice rCorr MP-9 Int-3}
  7582 | Bailey   | Reached skill level 1 in Invocations
  7702 | Bailey   | Reached skill level 14 in Axes
  8349 | D:8      | Noticed a deep elf pyromancer
  8350 | D:8      | Noticed a centaur warrior
  8733 | D:7      | Found a stormy altar of Qazlal.
  8735 | D:7      | Found a shimmering blue altar of Sif Muna.
  8888 | D:8      | Reached skill level 5 in Shields
  9079 | D:8      | Reached **** piety under Okawaru
  9080 | D:8      | Noticed a death yak
  9081 | D:8      | Found a staircase to the Lair.
  9081 | D:8      | Noticed a death yak
  9103 | D:8      | Killed a death yak
  9104 | D:8      | Reached skill level 15 in Axes
  9106 | D:8      | Noticed a death yak
  9112 | D:8      | Killed a death yak
  9123 | D:8      | Killed a death yak
  9123 | D:8      | Reached ***** piety under Okawaru
  9124 | D:8      | Reached skill level 16 in Axes
  9124 | D:8      | Reached XP level 11. HP: 79/99 MP: 12/14
  9316 | D:8      | Reached skill level 10 in Fighting
  9613 | D:8      | Found a runed translucent gate.
  9613 | D:8      | Found a runed translucent gate.
  9614 | D:8      | Found a runed translucent gate.
  9615 | D:8      | Noticed Maratek's ghost (novice MiFi)
  9791 | D:9      | Found a basalt altar of Yredelemnul.
 10449 | D:9      | Received a gift from Okawaru
 10546 | D:9      | Reached skill level 5 in Invocations
 10554 | D:9      | Found Wiosch's Assorted Antiques.
 10583 | D:9      | Bought a golden potion for 30 gold pieces
 10583 | D:9      | Bought a scroll labelled ZUKHYWITEG for 34 gold pieces
 10767 | D:10     | Noticed a two-headed ogre
 10773 | D:10     | Killed a two-headed ogre
 10784 | D:10     | Reached skill level 17 in Axes
 11243 | D:10     | Found a broken altar of Ashenzari.
 11548 | D:11     | Noticed a skeletal warrior
 11548 | D:11     | Noticed a skeletal warrior
 11548 | D:11     | Noticed a skeletal warrior
 11559 | D:11     | Killed a skeletal warrior
 11567 | D:11     | Killed a skeletal warrior
 11570 | D:11     | Noticed a skeletal warrior
 11574 | D:11     | Killed a skeletal warrior
 11584 | D:11     | Killed a skeletal warrior
 11720 | D:11     | Noticed a skeletal warrior
 11757 | D:11     | Killed a skeletal warrior
 11783 | D:11     | Identified the ring of Sif Muna's Pride {Fire rN+ Will++}
 11825 | D:11     | Noticed a two-headed ogre
 11865 | D:10     | Paralysed by a hornet for 2 turns
 12102 | Lair:1   | Entered Level 1 of the Lair of Beasts
 12108 | Lair:1   | Reached XP level 12. HP: 110/110 MP: 16/16
 12189 | Lair:2   | Noticed a four-headed hydra
 12199 | Lair:2   | Killed a four-headed hydra
 12200 | Lair:2   | Reached skill level 18 in Axes
 12507 | Lair:1   | Received a gift from Okawaru
 12753 | Lair:1   | Received a gift from Okawaru
 12756 | Lair:1   | Reached ****** piety under Okawaru
 12831 | Lair:2   | Noticed a death yak
 12831 | Lair:2   | Noticed a death yak
 12831 | Lair:2   | Noticed a death yak
 12834 | Lair:2   | Noticed a death yak
 12837 | Lair:2   | Noticed a death yak
 12841 | Lair:2   | Killed a death yak
 12851 | Lair:2   | Killed a death yak
 12853 | Lair:2   | Killed a death yak
 12855 | Lair:2   | Killed a death yak
 12855 | Lair:2   | Killed a death yak
 12855 | Lair:2   | Received a gift from Okawaru
 13117 | Lair:1   | Reached XP level 13. HP: 108/122 MP: 19/19
 13698 | Lair:2   | You fall into a shaft and drop 1 floor!
 13761 | Lair:3   | Found a hole to the Spider Nest.
 14059 | Lair:2   | Reached skill level 19 in Axes
 14797 | Lair:3   | Received a gift from Okawaru
 14828 | Lair:3   | Reached skill level 15 in Fighting
 15043 | Lair:3   | Found a staircase to the Swamp.
 15435 | Lair:4   | Noticed Kirke
 15521 | Lair:4   | Killed Kirke
 15521 | Lair:4   | Received a gift from Okawaru
 15539 | Lair:4   | Noticed Nessos
 15581 | Lair:4   | Reached skill level 10 in Armour
 15583 | Lair:4   | Shot with an arrow by Nessos

Illustrated notes

Levels and vault maps discovered:
D:1:      tarquinn_simple_flora_water_d, layout_basic,
          shapermc_ecumenical_altar_acropolis,
          wander_ebering_terrifying_dragon_lair
D:2:      layout_basic, serial_shops, nicolae_diamond_shop
D:3:      layout_basic
D:4:      layout_rooms, zin_academy, uniq_crazy_yiuf_cottage
D:5:      layout_layer_cave, minmay_temple_entry_glass, glass_columns_b,
          nicolae_sextant, nicolae_grassy_gnolls
D:6:      layout_basic, kennysheep_potato, uniq_maggie, uniq_grinder
D:7:      layout_cave_pools, chequers_temple_overflow_statue_of_worship
D:8:      layout_loops_ring, dpeg_lair_monsters, serial_rivers,
          chequers_serial_rivers_micro_d, chequers_serial_rivers_marsh,
          chequers_serial_rivers_marsh, chequers_serial_rivers_large_a,
          chequers_serial_rivers_room_a, chequers_serial_rivers_micro_c,
          gammafunk_ghost_necromancy, lightli_corner_chamber
D:9:      nicolae_cairo_tiling, layout_gridville, mainiacjoe_overflow_brackets,
          enter_bailey_4, serial_shops, nicolae_shop_tiny_statue_garden,
          kennysheep_generic_room_3
D:10:     layout_gridville, overflow_temple_1_default
D:11:     layout_basic, serial_glass, glass_columns_a, glass_columns_a,
          glass_columns_a, glass_columns_a, glass_columns_b, glass_columns_a,
          unseen_surprise_small, minmay_strange_pillars, special_room
          [special_room_orc], nemelex_altar_shiori
Temple:   nicolae_temple_bog_church
Lair:1:   layout_regular_city, beast_lair_carwin_3, grunt_megastairs_2
Lair:2:   layout_hall_layers
Lair:3:   layout_cave_shapes, mainiacjoe_swamp_entry_angry_trees,
          dummy_spider_entry
Lair:4:   layout_regular_city, kennysheep_abandoned_house, uniq_nessos,
          uniq_josephine, uniq_kirke

Skill      XL: |  1  2  3  4  5  6  7  8  9 10 11 12 13 |
---------------+----------------------------------------+-----
Axes           | 3 4 5 6 7 9 11 13 16 17 18 19 | 19.2
Fighting       | 4 5 6 7 8 9 11 13 15 | 15.3
Armour         | 4 6 7 8 9 10 | 10.0
Shields        | 4 5 6 |  6.5
Invocations    | 4 6 8 9 |  9.6

Action                     |  1- 3 |  4- 6 |  7- 9 | 10-12 | 13-15 || total
---------------------------+-------+-------+-------+-------+-------++-------
  Melee: War axe           |    79 |   209 |   423 |    56 |       ||   767
         Broad axe         |       |       |       |   372 |   162 ||   534
         Flail             |       |       |       |     5 |       ||     5
  Throw: Javelin           |       |       |     4 |    10 |     1 ||    15
         Throwing net      |       |       |       |     2 |       ||     2
 Invoke: Heroism           |       |       |     1 |     4 |       ||     5
         Finesse           |       |       |       |     1 |       ||     1
  Evoke: Wand              |       |       |       |     5 |     2 ||     7
    Use: Scroll            |       |       |    10 |     3 |     2 ||    15
         Potion            |       |       |     3 |     2 |     1 ||     6
   Stab: Held in net/web   |       |       |       |     1 |       ||     1
 Armour: Scale mail        |    46 |       |       |       |       ||    46
         Chain mail        |    21 |   159 |   312 |    46 |       ||   538
         Crystal plate arm |       |       |       |   268 |   170 ||   438
  Dodge: Dodged            |    37 |    65 |   206 |   115 |    73 ||   496
  Block: Buckler           |    12 |    39 |    92 |    87 |    35 ||   265

Table legend: (Time is in decaauts)
 A = Elapsed time spent in this place.
 B = Non-inter-level travel time spent in this place.
 C = Inter-level travel time spent in this place.
 D = Time resting spent in this place.
 E = Time spent auto-exploring this place.
 F = Levels seen in this place.
 G = Mean time per level.
                   A        B        C        D        E       F      G
               +--------+--------+--------+--------+--------+-----+--------+
         Total |  15551 |  14728 |    823 |   1069 |  10162 |  17 |  914.8 |
       Dungeon |  10699 |   9983 |    716 |    546 |   7038 |  11 |  972.6 |
        Temple |     10 |     10 |      0 |      0 |      0 |   1 |   10.0 |
          Lair |   3408 |   3302 |    106 |     66 |   2716 |   4 |  852.0 |
        Bailey |   1431 |   1431 |      0 |    457 |    408 |   1 | 1431.0 |
               +--------+--------+--------+--------+--------+-----+--------+

Top non-repeatable levels by time:
     D:6: 1679 daAuts
  Bailey: 1431 daAuts
  Lair:1: 1431 daAuts
     D:5: 1312 daAuts
     D:9: 1212 daAuts
     D:2: 1119 daAuts
     D:4: 1084 daAuts
  Lair:2: 1011 daAuts
     D:8: 923 daAuts
  Lair:3: 858 daAuts
     D:3: 805 daAuts
    D:10: 768 daAuts
     D:7: 726 daAuts
     D:1: 703 daAuts
    D:11: 365 daAuts
